 Dungeon Crawl Stone Soup version 0.27-a0-1374-gc14e5d3922 (webtiles) character file.

Game seed: 2800841066084453143

2305 Ijustatesigmund the Skirmisher (level 9, 0/63 HPs)
             Began as an Octopode Fighter on June 29, 2021.
             Was an Initiate of Cheibriados.
             Slain by an orc warrior (13 damage)
             ... on level 8 of the Dungeon.
             The game lasted 00:12:36 (7252 turns).

Ijustatesigmund the Skirmisher (Octopode Fighter)   Turns: 7252, Time: 00:12:36

Health: 0/63       AC:  1    Str: 17    XL:     9   Next: 40%
Magic:  0/9        EV: 14    Int: 13    God:    Cheibriados [......]
Gold:   348        SH: 10    Dex: 13    Spells: 8/8 levels left

rFire    + . .     SeeInvis .   a - +3 war axe (spect)
rCold    + . .     Faith    .   b - +0 kite shield
rNeg     . . .     Spirit   +   (helmet restricted)
rPois    +         Reflect  .   l - amulet of guardian spirit
rElec    +         Harm     .   (no ring)
rCorr    +         Rampage  .   (no ring)
Will     .....                  (no ring)
Stlth    +++.......             (no ring)
HPRegen  0.20/turn              (no ring)
MPRegen  0.11/turn              (no ring)
                                (no ring)
                                (no ring)

@: mighty, resistant, very slow
A: almost no armour, amphibious, 8 rings, camouflage 1, gelatinous body 1,
(nimble swimmer 1), tentacles
a: Renounce Religion, Bend Time


You were on level 8 of the Dungeon.
You worshipped Cheibriados.
Cheibriados was noncommittal.
You visited 2 branches of the dungeon, and saw 9 of its levels.
You also visited: Sewer and Ossuary.

You collected 348 gold pieces.

Inventory:

Hand Weapons
 a - a +3 spectral war axe (weapon)
Missiles
 z - a throwing net (quivered)
Armour
 b - a +0 kite shield (worn)
Jewellery
 l - an amulet of guardian spirit (around mantle)
 w - a ring of ice
Wands
 e - a wand of iceblast (10)
 h - a wand of acid (5)
 j - a wand of flame (14)
Scrolls
 d - 2 scrolls of brand weapon
 n - 7 scrolls of teleportation
 o - a scroll of magic mapping
 p - 2 scrolls of immolation
 q - a scroll of identify
 x - 4 scrolls of holy word
 y - a scroll of vulnerability {unknown}
Potions
 c - 3 potions of might
 f - a potion of haste
 g - 2 potions of curing
 i - 7 potions of flight
 k - 2 potions of magic
 m - a potion of brilliance
 s - a potion of berserk rage {unknown}
 t - 2 potions of attraction {unknown}
 u - a potion of degeneration {unknown}
 v - a potion of invisibility {unknown}


   Skills:
 + Level 6.4 Fighting
 + Level 6.3 Axes
 + Level 6.4 Dodging
 - Level 3.7 Stealth
 + Level 6.4 Shields
 + Level 0.4 Invocations
 - Level 2.8 Evocations


You had 8 spell levels left.
You didn't know any spells.
Your spell library contained the following spells:

 Spells                   Type           Power      Damage    Failure   Level
 Sting                    Tmut/Pois      0%         1d3       67%         1
 Poisonous Vapours        Pois/Air       0%         N/A       80%         2
 Ignite Poison            Fire/Tmut/Pois 0%         N/A       95%         3
 Mephitic Cloud           Conj/Pois/Air  0%         N/A       95%         3
 Olgreb's Toxic Radiance  Pois           0%         N/A       100%        4


Dungeon Overview and Level Annotations

Branches:
Dungeon (8/15)             Temple (1/1) D:7           Sewer (visited)
Ossuary (visited)
   Lair: D:8-11

Altars:
Cheibriados
Dithmenos
Elyvilon
Fedhas
Gozag
Hepliaklqana
Kikubaaqudgha
Makhleb
Nemelex Xobeh
Okawaru
Ru
Sif Muna
Trog
Uskayaw
Vehumet
Wu Jian
Yredelemnul
Zin
The Shining One

Annotations:
D:5 Pikel


Innate Abilities, Weirdness & Mutations

You cannot wear most types of armour.
You are amphibious.
You can wear up to eight rings at the same time.
Your skin changes colour to match your surroundings (Stealth+).
Your rubbery body absorbs attacks. (AC +1, EV +1)
((You are camouflaged near water. (Stealth+)))
You have tentacles for arms and can constrict up to eight enemies at once.


Message History

Cheibriados appreciates the change of pace.
The centaur shoots an arrow.
The arrow hits you!
The centaur shoots an arrow.
The arrow barely misses you.
Unknown command.
You feel very mighty all of a sudden.
The centaur shoots an arrow.
The arrow hits you! The orc barely misses you.
You block the orc warrior's attack.
You barely miss the orc warrior. Your grab misses the orc warrior.
You squeeze the orc warrior!
The orc warrior is moderately wounded.
You closely miss the orc. You hit the orc.
Your spectral +3 spectral war axe hits the orc!
You kill the orc!
Cheibriados appreciates the change of pace.
Your spectral +3 spectral war axe hits the orc!
You kill the orc!
Cheibriados appreciates the change of pace.
A wight comes into view. It is wielding a +0 battleaxe.
The orc warrior hits you with a +0 mace of venom!
* * * LOW HITPOINT WARNING * * *
You are lethally poisoned!
The centaur shoots an arrow.
The arrow closely misses you.
You feel better. You block the orc warrior's attack.
The centaur shoots an arrow.
You block the arrow.
Okay, then.
Okay, then.
Okay, then.
It was a potion of resistance.
You feel protected. The orc warrior misses you.
You slash the centaur!
The centaur is moderately wounded.
You barely miss the orc warrior.
Your spectral +3 spectral war axe barely misses the orc warrior.
Your spectral +3 spectral war axe hits the centaur but does no damage.
The centaur unwields a +0 shortbow.
The centaur barely misses you. The centaur kicks you.
* * * LOW HITPOINT WARNING * * *
The orc warrior hits you with a +0 mace of venom!
You die...

### ## # ##
..# #.#..
#.#..# #$..#.
#..#.# #.....#
#...###o..?...
#.....@(...z..
###.#§c§.###..
#.#...#.#
#.#..#..#
#.#.#...#
#.####### #.#
#.# #.#


You could see an orc warrior, a centaur, a wight and a friendly spectral +3
spectral war axe (summoned).

Vanquished Creatures
  Menkaure (D:7)
  A water moccasin (D:5)
  2 ice beasts (D:5)
  A sky beast (D:7)
  A black bear (D:7)
  A necrophage (D:6)
  2 ogres
  2 centaurs
  2 lemures (D:6)
  A kobold brigand (Sewer)
  Blork the orc (D:6)
  2 bullfrogs
  3 scorpions
  A howler monkey (D:4)
  A bullfrog skeleton (D:5)
  A centaur zombie (D:5)
  A jelly (D:4)
  2 orc priests (D:6)
  A centaur skeleton (D:6)
  2 hounds
  An orc wizard (D:3)
  3 iguanas
  A hound skeleton (D:5)
  12 mummies (Ossuary)
  A howler monkey zombie (D:7)
  A howler monkey skeleton (D:7)
  13 adders
  2 river rats
  A white imp (D:7)
  An ufetubus (D:4)
  3 adder skeletons
  6 worms
  The ghost of fly the Sneak, a weakling HuDe (D:5)
  A dart slug (D:5)
  14 orcs
  3 bats
  5 endoplasms
  6 giant cockroaches
  5 goblins
  5 hobgoblins
  7 jackals
  13 kobolds
  2 quokkas
  13 ball pythons
  2 frilled lizards
  A gnoll skeleton (Ossuary)
  2 goblin skeletons (Ossuary)
  4 kobold skeletons (Ossuary)
  An orc skeleton (Ossuary)
  A quokka skeleton (D:4)
  9 rats
  11 rat skeletons (Ossuary)
180 creatures vanquished.

Notes
Turn   | Place    | Note
-------+----------+-------------------------------------------
     0 | D:1      | Ijustatesigmund the Octopode Fighter began the quest for
                  | the Orb.
     0 | D:1      | Reached XP level 1. HP: 16/16 MP: 1/1
    95 | D:1      | Reached XP level 2. HP: 18/21 MP: 2/2
   972 | D:2      | Reached XP level 3. HP: 13/26 MP: 3/3
  1726 | D:3      | Reached XP level 4. HP: 31/31 MP: 4/4
  1990 | D:3      | Found a bloodstained altar of Trog.
  2001 | D:3      | Reached XP level 5. HP: 17/36 MP: 5/5
  2289 | D:3      | Found a burning altar of Makhleb.
  2454 | D:4      | Found a radiant altar of Vehumet.
  2491 | D:4      | Found a glowing drain.
  2506 | Sewer    | Entered a sewer
  2516 | Sewer    | Reached XP level 6. HP: 36/43 MP: 6/6
  2926 | D:4      | Found a glowing silver altar of Zin.
  3326 | D:5      | Entered Level 5 of the Dungeon
  3365 | D:5      | Reached XP level 7. HP: 49/49 MP: 7/7
  3777 | D:5      | Reached skill level 5 in Fighting
  3777 | D:5      | Reached skill level 5 in Dodging
  3777 | D:5      | Reached skill level 5 in Shields
  4107 | D:5      | Reached skill level 5 in Axes
  4205 | D:5      | Found a runed translucent gate.
  4205 | D:5      | Found a runed translucent gate.
  4205 | D:5      | Found a runed translucent gate.
  4206 | D:5      | Noticed fly's ghost (weakling HuDe)
  4216 | D:5      | Killed fly's ghost
  4261 | D:5      | Reached XP level 8. HP: 55/55 MP: 8/8
  4366 | D:5      | Found a basalt altar of Yredelemnul.
  4370 | D:5      | Found a shimmering blue altar of Sif Muna.
  4370 | D:5      | Found a sacrificial altar of Ru.
  4370 | D:5      | Found an ancient bone altar of Kikubaaqudgha.
  4631 | D:6      | Noticed Pikel
  4819 | D:6      | Found a sand-covered staircase.
  4828 | Ossuary  | Entered an ossuary
  4956 | Ossuary  | Reached skill level 1 in Stealth
  5100 | Ossuary  | Reached skill level 1 in Evocations
  5617 | D:6      | Noticed Blork the orc
  5627 | D:6      | Killed Blork the orc
  5716 | D:6      | Found an opulent altar of Gozag.
  5861 | D:6      | Reached XP level 9. HP: 62/62 MP: 9/9
  6205 | D:6      | Found an ornate altar of the Wu Jian Council.
  6340 | D:7      | Found a staircase to the Ecumenical Temple.
  6348 | D:7      | Noticed Menkaure
  6399 | D:7      | Killed Menkaure
  6975 | Temple   | Entered the Ecumenical Temple
  7171 | Temple   | Became a worshipper of Cheibriados the Contemplative
  7252 | D:8      | Slain by an orc warrior

Illustrated notes

Levels and vault maps discovered:
D:1:      saegor_arrival_simple_d, layout_basic
D:2:      layout_basic
D:3:      layout_rooms, trog_butcher_becter, lightli_temple_of_fire,
          roderic_st_hans_cross, serial_park_tiny_1
D:4:      layout_cave_pools, nicolae_overflow_crystal_walls, zin_treasury,
          portal_sewer_entry_b
D:5:      layout_cave_pods, minitemple, ebering_ghost_rock_garden
D:6:      layout_rooms, marbit_many_paths, old_standard_altar,
          nicolae_ossuary_entry_plus, uniq_pikel, uniq_blork_the_orc
D:7:      layout_rooms, minmay_temple_entry_ruins, lemuel_flame_loot_1,
          uniq_menkaure
D:8:      layout_layer_cave, lemuel_doored_altar, ashenzari_conservatory_becter,
          hangedman_decor_diamond_cutter
Temple:   grunt_temple_mini_profane

Skill      XL: |  1  2  3  4  5  6  7  8  9 |
---------------+----------------------------+-----
Axes           | 3 4 5 6 |  6.3
Fighting       | 4 5 6 |  6.4
Shields        | 4 5 6 |  6.4
Dodging        | 4 5 6 |  6.4
Stealth        | 3 |  3.7
Evocations     | 2 |  2.8
Invocations    | |  0.4

Action                   |  1- 3 |  4- 6 |  7- 9 || total
-------------------------+-------+-------+-------++-------
Melee: War axe           |    53 |    68 |   118 ||   239
       Constrict         |    13 |    22 |    41 ||    76
       Tentacles         |    12 |    13 |    20 ||    45
Throw: Throwing net      |       |     1 |       ||     1
Evoke: Wand              |       |       |     2 ||     2
  Use: Scroll            |     5 |     5 |     7 ||    17
       Potion            |       |       |     7 ||     7
 Stab: Sleeping          |     3 |     6 |    13 ||    22
       Distracted        |       |     2 |     1 ||     3
       Held in net/web   |       |     1 |       ||     1
Armor: Skin              |     4 |     1 |     4 ||     9
Dodge: Dodged            |    25 |    18 |    38 ||    81
Block: Kite shield       |    30 |    22 |    40 ||    92

Table legend: (Time is in decaauts)
 A = Elapsed time spent in this place.
 B = Non-inter-level travel time spent in this place.
 C = Inter-level travel time spent in this place.
 D = Time resting spent in this place.
 E = Time spent auto-exploring this place.
 F = Levels seen in this place.
 G = Mean time per level.
                   A        B        C        D        E       F      G
               +--------+--------+--------+--------+--------+-----+--------+
         Total |   7340 |   7086 |    254 |    719 |   5276 |  11 |  667.3 |
       Dungeon |   6074 |   5852 |    222 |    717 |   4377 |   8 |  759.2 |
        Temple |    228 |    196 |     32 |      0 |    179 |   1 |  228.0 |
         Sewer |    394 |    394 |      0 |      2 |    267 |   1 |  394.0 |
       Ossuary |    642 |    642 |      0 |      0 |    453 |   1 |  642.0 |
               +--------+--------+--------+--------+--------+-----+--------+

Top non-repeatable levels by time:
     D:5: 1343 daAuts
     D:6: 936 daAuts
     D:1: 905 daAuts
     D:2: 827 daAuts
     D:7: 747 daAuts
     D:3: 722 daAuts
 Ossuary: 642 daAuts
     D:4: 542 daAuts
   Sewer: 394 daAuts
  Temple: 228 daAuts
     D:8: 50 daAuts
